 Dungeon Crawl Stone Soup version 0.20-a0-700-gbd4582c (webtiles) character file.

60055 AlphabetPasta the Tainter (level 14, -17/107 HPs)
             Began as a Demigod Venom Mage on Feb 19, 2017.
             Demolished by an orc warlord
             ... wielding a +4 halberd
              (28 damage)
             ... on level 1 of the Orcish Mines on Feb 20, 2017.
             The game lasted 02:43:21 (29228 turns).

AlphabetPasta the Tainter (Demigod Venom Mage)     Turns: 29228, Time: 02:43:21

Health: -17/107    AC: 10    Str: 11    XL:     14   Next: 19%
Magic:  2/33       EV: 18    Int: 27    God:
Gold:   1430       SH:  0    Dex: 16    Spells: 4/33 levels left

rFire    . . .     SeeInvis .   a - +7 quarterstaff (protect)
rCold    . . .     Gourm    .   U - +1 robe
rNeg     . . .     Faith    .   (shield currently unavailable)
rPois    +         Spirit   .   n - +1 hat
rElec    .         Reflect  .   V - +1 cloak
rCorr    .         Harm     .   K - +0 pair of gloves
MR       +....                  e - +2 pair of boots
Stlth    ++........             (no amulet)
Regen    0.3/turn               R - ring of poison resistance
MPRegen  0.3/turn               b - +4 ring of evasion

@: marked, radiating poison, very slightly contaminated, invisible
A: high mp 1
a: no special abilities


You were on level 1 of the Orcish Mines.
You were not hungry.

You visited 3 branches of the dungeon, and saw 19 of its levels.
You also visited: Labyrinth, Sewer and Volcano.

You collected 1697 gold pieces.
You spent 267 gold pieces at shops.

Inventory:

Hand Weapons
 a - a +7 quarterstaff of protection (weapon)
Armour
 e - a +2 pair of boots (worn)
 n - a +1 hat (worn)
 s - a +0 buckler
 K - a +0 pair of gloves (worn)
 U - a +1 robe (worn)
 V - a +1 cloak (worn)
Magical Staves
 w - an uncursed staff of wizardry
Jewellery
 b - a +4 ring of evasion (left hand)
 d - an uncursed ring of flight
 f - an uncursed ring of fire
 j - an uncursed ring of protection from magic
 r - a +4 ring of dexterity
 y - a +3 ring of strength
 D - an uncursed ring of protection from cold
 N - an uncursed ring of positive energy
 R - a ring of poison resistance (right hand)
Wands
 g - a wand of flame (30/48)
 x - a wand of digging (9/24)
 H - a wand of confusion (20/48)
 J - a wand of scattershot (5/9)
 L - a wand of iceblast (1/15)
 M - a wand of lightning (6/15)
 O - a wand of polymorph (5/24)
 P - a wand of random effects (14/48)
 Q - a wand of flame (20/48)
 W - a wand of paralysis (9/24)
 Z - a wand of confusion (26/48)
Scrolls
 l - 4 scrolls of enchant armour
 t - 3 scrolls of teleportation
 E - 7 scrolls of remove curse
 I - 15 scrolls of identify
 Y - a scroll of fog
Potions
 k - 5 potions of resistance
 q - 6 potions of curing
 u - 2 potions of might
 v - 2 potions of brilliance
 z - 2 potions of berserk rage
 A - a potion of invisibility
 B - a potion of cancellation
 F - a potion of haste
 S - 2 potions of agility
 T - 6 potions of flight
Books
 i - a book of Burglary

   Spells                             Type                      Level
   a - Swiftness                      Charms/Air                   2
   b - Passwall                       Transmutation/Earth          2
   c - Passage of Golubria            Translocation                4
   d - Lee's Rapid Deconstruction     Earth                        5
   e - Darkness                       Hexes                        6
   f - Invisibility                   Hexes                        6
 G - a book of Power

   Spells                             Type                      Level
   a - Iskenderun's Battlesphere      Conjuration/Charms           5
   b - Venom Bolt                     Conjuration/Poison           5
   c - Bolt of Magma                  Conjuration/Fire/Earth       5
   d - Iron Shot                      Conjuration/Earth            6
   e - Orb of Destruction             Conjuration                  7
   f - Spellforged Servitor           Conjuration/Summoning        7
Comestibles
 c - 10 bread rations
 h - 6 royal jellies
 m - 14 chunks of flesh
 p - 12 meat rations


   Skills:
 - Level 5.0 Fighting
 + Level 4.4 Staves
 - Level 4.0 Dodging
 - Level 2.0 Stealth
 - Level 4.6 Shields
 + Level 10.4 Spellcasting
 + Level 11.0 Conjurations
 + Level 9.3 Fire Magic
 * Level 4.9 Earth Magic
 + Level 11.4 Poison Magic
 - Level 4.0 Evocations


You had 4 spell levels left.
You knew the following spells:

 Your Spells              Type           Power        Failure   Level  Hunger
a - Sting                 Conj/Pois      ####         1%          1    None
b - Poisonous Vapours     Pois/Air       #####.       1%          2    None
c - Mephitic Cloud        Conj/Pois/Air  ######..     1%          3    None
d - Olgreb's Toxic Radia  Pois           ######..     1%          4    None
e - Sticky Flame          Conj/Fire      ######..     1%          4    None
f - Venom Bolt            Conj/Pois      ######....   1%          5    ###....
g - Fireball              Conj/Fire      ######....   1%          5    ###....
h - Bolt of Magma         Conj/Fire/Erth ######....   3%          5    ###....


Dungeon Overview and Level Annotations

Branches:
Dungeon (12/15)            Temple (0/1) D:6            Lair (6/6) D:8
 Shoals (0/4) Lair:4       Spider (0/4) Lair:3        Slime (0/5) Lair:5
    Orc (1/2) D:12

Shops:
D:4 !   D:5 (   D:8 *

Annotations:
D:10 plsesad's ghost, journeyman MiBe


Innate Abilities, Weirdness & Mutations

You have an increased reservoir of magic. (+10% MP)


Message History

You kill the orc warrior!
The orc warlord hits you from afar with an enchanted halberd!!
Evoke which item? (* to show all) (? for menu, Esc to quit)
Aiming: Confuse (will waste charges)
Press: ? - help, Shift-Dir - straight line, f/p - orc warlord
Aim: an orc warlord, wielding an enchanted halberd and wearing a chain mail (heavily wounded, poisoned, chance to defeat MR: 24%)
Okay, then.
You can't go up here!
You fade into invisibility!
The orc warlord hits you from afar with an enchanted halberd!!
You are very lightly contaminated with residual magic.
The orc warlord hits you from afar with an enchanted halberd!!
* * * LOW HITPOINT WARNING * * *
The orc warlord closely misses you.
Casting: Fireball
Confirm with . or Enter, or press ? or * to list all spells.
You begin to radiate toxic energy.
The orc is poisoned. x2
The orc completely misses you.
The orc warlord hits you from afar with an enchanted halberd!!
You die...

#......).)......................
##...))))...........)).)))..#....
#...._...#........#)....)......#.
.....).†........#......).)....###
.....................).).).....#.
........##..#...>....)...........
.................oo.)........#...
......#..#......o..<.........##.#
.#........#.....@.............###
....#.##.#.......).............#
...####..........(.##...........#
##.........................##
#..........................#
##.#.###......##.#......#..#
##...####.....##.#....##....
##.## #.....##......## ..#. ###
##....###.#.### #


You could see an orc warlord and 2 orcs.

Vanquished Creatures
  Gastronok (Lair:2)
  5 dire elephants (Lair:6)
  A minotaur (Lab)
  Erolcha (D:11)
  8 hydras
  An anaconda (Lair:6)
  Erica (D:10)
  5 two-headed ogres
  A death knight (D:11)
  Urug (D:12)
  Nergalle (D:11)
  2 skeletal warriors (D:11)
  A necromancer (Lair:6)
  2 ugly things
  2 merfolk sirens (Lair:4)
  Maurice (D:11)
  A molten gargoyle (Volcano)
  4 elephants (Lair:6)
  4 black mambas
  8 spiny frogs
  2 rime drakes
  6 komodo dragons
  A freezing wraith (D:12)
  2 merfolk (Lair:4)
  The ghost of AlphabetPasta the Chiller, a novice TeIE of Vehumet (D:5)
  8 polar bears
  2 trolls
  3 hornets
  17 blink frogs
  6 dream sheep (Lair:6)
  13 hippogriffs
  48 yaks
  2 fire bats (Volcano)
  A basilisk (Lair:5)
  A hungry ghost (D:8)
  A warg (Orc:1)
  2 hell hounds (Lair:5)
  15 porcupines
  14 water moccasins
  2 eyes of draining
  12 orc warriors
  5 ice beasts
  2 sky beasts
  A phantom (D:5)
  3 black bears
  A necrophage (D:11)
  7 wolves
  10 ogres
  5 centaurs
  13 crocodiles
  The ghost of AlphabetPasta the Charmwright, an amateur HaSk (D:3)
  14 bullfrogs
  4 big kobolds
  3 scorpions
  A killer bee (D:7)
  3 howler monkeys
  7 crimson imps
  3 centaur zombies
  5 lava snakes (Volcano)
  5 jellies
  A quasit (D:10)
  12 orc priests
  9 hounds
  3 bullfrog skeletons
  A water moccasin simulacrum (D:10)
  5 orc wizards
  Jessica (D:3)
  6 iguanas
  9 worker ants
  3 polar bear simulacra (Lair:6)
  3 yak simulacra (Lair:6)
  4 wolf simulacra (Lair:6)
  A centaur simulacrum (D:10)
  A bullfrog simulacrum (D:10)
  2 hound skeletons
  A howler monkey zombie (D:9)
  A worker ant zombie (D:9)
  7 gnolls
  16 adders
  A river rat (D:4)
  4 shadow imps
  2 white imps (D:10)
  An ooze (D:3)
  2 adder skeletons
  3 worms
  An adder simulacrum (D:10)
  A dart slug (D:2)
  9 leopard geckos
  45 orcs
  8 giant cockroaches
  7 goblins
  5 hobgoblins
  8 jackals
  6 quokkas
  7 ball pythons
  7 bats
  6 frilled lizards
  A jackal skeleton (D:8)
  A jackal zombie (D:5)
  26 kobolds
  A leopard gecko skeleton (D:6)
  11 rats
  A river rat simulacrum (Lair:6)
  2 plants (Lair:6)
555 creatures vanquished.

Vanquished Creatures (others)
  29 fungi
  18 plants
47 creatures vanquished.

Grand Total: 602 creatures vanquished

Notes
Turn   | Place    | Note
-------+----------+-------------------------------------------
     0 | D:1      | AlphabetPasta the Demigod Venom Mage began the quest for the Orb.
     0 | D:1      | Reached XP level 1. HP: 14/14 MP: 5/5
    50 | D:1      | Reached skill level 1 in Conjurations
   435 | D:1      | Reached XP level 2. HP: 20/20 MP: 2/7
   439 | D:1      | Learned a level 2 spell: Poisonous Vapours
  1028 | D:2      | Reached XP level 3. HP: 26/26 MP: 4/8
  1033 | D:2      | Learned a level 3 spell: Mephitic Cloud
  1928 | D:3      | Learned a level 3 spell: Mephitic Cloud
  2071 | D:3      | Reached XP level 4. HP: 33/33 MP: 8/10
  2426 | D:3      | Noticed AlphabetPasta's ghost (amateur HaSk)
  2449 | D:3      | Killed AlphabetPasta's ghost
  2449 | D:3      | Reached XP level 5. HP: 38/38 MP: 10/12
  2538 | D:3      | Found a hide-covered altar of Uskayaw.
  2571 | D:3      | Noticed Jessica
  2573 | D:3      | Killed Jessica
  2817 | D:4      | Noticed an ogre
  2835 | D:4      | Killed an ogre
  2835 | D:4      | Reached XP level 6. HP: 44/45 MP: 5/14
  2933 | D:4      | Found a glowing drain.
  3051 | Sewer    | Entered a sewer
  3948 | D:4      | Reached skill level 5 in Poison Magic
  3974 | D:4      | Learned a level 4 spell: Olgreb's Toxic Radiance
  3982 | D:4      | Reached XP level 7. HP: 50/50 MP: 12/16
  4014 | D:4      | Found Tishouron's Distillery.
  4035 | D:4      | Bought a potion of invisibility for 80 gold pieces
  4035 | D:4      | Bought a potion of cancellation for 80 gold pieces
  4035 | D:4      | Bought a potion of magic for 80 gold pieces
  4233 | D:5      | Entered Level 5 of the Dungeon
  4233 | D:5      | Noticed AlphabetPasta's ghost (novice TeIE)
  4247 | D:5      | Killed AlphabetPasta's ghost
  4693 | D:5      | Found Hocumep's Antique Weapon Boutique.
  4967 | D:5      | Reached skill level 1 in Staves
  5105 | D:5      | Reached skill level 5 in Conjurations
  5236 | D:5      | Reached skill level 5 in Spellcasting
  5236 | D:5      | Reached XP level 8. HP: 43/57 MP: 17/19
  5941 | D:6      | Found a staircase to the Ecumenical Temple.
  6093 | D:6      | Reached skill level 1 in Fighting
  6974 | D:7      | Learned a level 4 spell: Sticky Flame
  7242 | D:7      | Reached skill level 1 in Evocations
  7390 | D:7      | Reached skill level 1 in Fire Magic
  7390 | D:7      | Reached XP level 9. HP: 33/67 MP: 15/21
  8003 | D:8      | Found Yguesule's Assorted Antiques.
  8257 | D:8      | Bought a scroll labeled OGEPEY TIWEHOA for 27 gold pieces
  9086 | D:8      | Noticed a two-headed ogre
  9104 | D:8      | Killed a two-headed ogre
  9378 | D:8      | Found a staircase to the Lair.
  9560 | D:8      | Reached XP level 10. HP: 70/77 MP: 14/23
 10192 | D:9      | Noticed a two-headed ogre
 10211 | D:9      | Killed a two-headed ogre
 10752 | D:10     | Entered Level 10 of the Dungeon
 10848 | D:9      | Noticed a two-headed ogre
 10860 | D:9      | Killed a two-headed ogre
 11177 | D:10     | Found a shattered altar of Ashenzari.
 11181 | D:10     | Saw a vision of the Shoals and the Spider Nest.
 11181 | D:10     | Noticed a merfolk siren
 11181 | D:10     | Noticed a merfolk siren
 11181 | D:10     | Noticed a merfolk siren
 11181 | D:10     | Noticed a wolf spider
 11979 | D:10     | Noticed plsesad's ghost (journeyman MiBe)
 12052 | D:10     | Noticed Erica
 12067 | D:10     | Killed Erica
 12067 | D:10     | Reached skill level 5 in Fire Magic
 12067 | D:10     | Reached XP level 11. HP: 21/82 MP: 10/26
 12074 | D:10     | Learned a level 5 spell: Venom Bolt
 12511 | D:10     | Noticed a two-headed ogre
 12523 | D:10     | Killed a two-headed ogre
 12624 | D:10     | Reached skill level 1 in Shields
 12845 | D:11     | Noticed a six-headed hydra
 12847 | D:11     | Found a labyrinth entrance.
 12876 | D:11     | Killed a six-headed hydra
 12966 | Lab      | Entered a labyrinth
 13135 | Lab      | Noticed a minotaur
 13143 | Lab      | Killed a minotaur
 13147 | Lab      | Got a dazzling plate armour
 13653 | D:11     | Noticed a two-headed ogre
 13683 | D:11     | Killed a two-headed ogre
 14686 | D:11     | Noticed Maurice
 14701 | D:11     | Killed Maurice
 14982 | D:11     | Noticed Erolcha
 14990 | D:11     | Killed Erolcha
 15204 | D:11     | Noticed Nergalle
 15209 | D:11     | Killed Nergalle
 15475 | D:12     | Found a staircase to the Orcish Mines.
 15475 | D:12     | Noticed Urug
 15486 | D:12     | Killed Urug
 15486 | D:12     | Reached XP level 12. HP: 31/89 MP: 8/28
 15747 | D:12     | Noticed a death knight
 15885 | Lair:1   | Entered Level 1 of the Lair of Beasts
 16129 | Lair:1   | Noticed an eight-headed hydra
 16149 | Lair:1   | Killed an eight-headed hydra
 16156 | Lair:1   | Learned a level 5 spell: Fireball
 17246 | Lair:1   | Noticed a seven-headed hydra
 17250 | Lair:1   | Killed a seven-headed hydra
 17250 | Lair:1   | Reached skill level 10 in Poison Magic
 17256 | Lair:1   | Noticed a seven-headed hydra
 17663 | Lair:2   | Noticed Gastronok
 17679 | Lair:2   | Killed Gastronok
 17961 | Lair:2   | Noticed a six-headed hydra
 17996 | Lair:2   | Killed a six-headed hydra
 18194 | Lair:2   | Noticed a six-headed hydra
 18197 | Lair:2   | Killed a six-headed hydra
 19454 | Lair:3   | Found a hole to the Spider Nest.
 20486 | Lair:3   | Reached skill level 10 in Conjurations
 21035 | Lair:4   | Reached XP level 13. HP: 67/96 MP: 13/31
 21540 | Lair:4   | Found a staircase to the Shoals.
 22833 | Lair:5   | Found a dark tunnel.
 22844 | Volcano  | Entered a volcano
 23435 | Volcano  | Found a burning altar of Makhleb.
 23666 | Lair:5   | Found a staircase to the Slime Pits.
 23899 | Lair:5   | Learned a level 5 spell: Bolt of Magma
 23900 | Lair:6   | Entered Level 6 of the Lair of Beasts
 24079 | Lair:6   | Reached skill level 10 in Spellcasting
 24081 | Lair:6   | Reached skill level 1 in Earth Magic
 27064 | Lair:6   | Identified the Handbook of Floating Ice
 27200 | Lair:6   | Noticed a dire elephant
 27201 | Lair:6   | Noticed a dire elephant
 27215 | Lair:6   | Killed a dire elephant
 27215 | Lair:6   | Killed a dire elephant
 27490 | Lair:6   | Noticed a dire elephant
 27498 | Lair:6   | Killed a dire elephant
 27498 | Lair:6   | Reached XP level 14. HP: 105/105 MP: 6/33
 28064 | Lair:1   | Reached skill level 5 in Fighting
 28998 | Orc:1    | Entered Level 1 of the Orcish Mines
 29071 | Orc:1    | Found a roughly hewn altar of Beogh.
 29201 | Orc:1    | Noticed an orc warlord
 29228 | Orc:1    | Demolished by an orc warlord

Vault maps used:
D:1:      evilmike_arrival_run_for_it, minmay_misc_feat_ornament
D:2:      first_bread
D:3:      eat_drink_and_be_merry_uskayaw, uniq_jessica
D:4:      serial_shops, nicolae_shop_behind_doors, gup_sewer_entry_bubbles,
          supply_closet_lemuel
D:5:      serial_shops, nicolae_shop_overgrown_old_shop
D:6:      minmay_temple_entry_glass
D:8:      due_lair_maze_entry_diamond, serial_shops, shop_fountains,
          hangedman_pestilent_swarm
D:10:     serial_ice, serial_ice_i, serial_ice_b, serial_ice_d, serial_ice_o,
          grunt_ashenzari_visionary, uniq_erica
D:11:     lab_entry_generic, uniq_nergalle, uniq_maurice, uniq_erolcha
D:12:     orc_0_dummy, minmay_gold_behind_fungi,
          nicolae_dithmenos_shadow_blocks, uniq_nessos, uniq_urug
Lair:2:   st_stairs_6, grunt_megastairs_2, uniq_gastronok
Lair:3:   spider_nest_entry_web_field, serial_bayou_shore_b
Lair:4:   elwin_shoals_entry_stream, st_stairs_6, beast_lair_carwin_3,
          grunt_megastairs_4
Lair:5:   dpeg_slime_entry_corner, enter_volcano_3
Lair:6:   due_jungle_book, serial_bayou, serial_bayou_lagoon_b,
          serial_bayou_shore_b, serial_bayou_pond_c, serial_bayou_pond_d,
          minivault_11, eino_house_with_fridge
Orc:1:    mines2_david
Lab:      labyrinth_hidden_loot, nicolae_lab_very_dead_end, lab_fountain
Sewer:    kennysheep_pipe_town
Volcano:  volcano_lake

Skill      XL: |  1  2  3  4  5  6  7  8  9 10 11 12 13 14 |
---------------+-------------------------------------------+-----
Conjurations   | 1 2 3 4 5 6 8 9 10 11 | 11.0
Poison Magic   | 3 4 5 6 7 8 9 10 11 | 11.4
Spellcasting   | 2 3 4 5 6 7 8 9 10 | 10.4
Staves         | 1 2 3 4 |  4.4
Dodging        | 2 3 4 |  4.0
Fighting       | 2 3 4 5 |  5.0
Evocations     | 1 2 3 4 |  4.0
Fire Magic     | 1 3 5 6 7 9 |  9.3
Stealth        | 2 |  2.0
Shields        | 3 4 |  4.6
Earth Magic    | 4 |  4.9

Action                   |  1- 3 |  4- 6 |  7- 9 | 10-12 | 13-15 || total
-------------------------+-------+-------+-------+-------+-------++-------
Melee: Dagger            |    35 |    20 |       |       |       ||    55
       Morningstar       |       |    68 |    15 |       |       ||    83
       Quarterstaff      |       |       |   283 |   228 |   147 ||   658
       Staff             |       |       |       |    11 |       ||    11
 Cast: Sting             |    61 |    78 |    41 |    40 |     6 ||   226
       Poisonous Vapours |     6 |    25 |    71 |    45 |    27 ||   174
       Mephitic Cloud    |       |     4 |     3 |     2 |       ||     9
       Olgreb's Toxic Ra |       |       |    15 |    61 |    51 ||   127
       Sticky Flame      |       |       |     8 |   115 |    66 ||   189
       Venom Bolt        |       |       |       |    21 |    10 ||    31
       Fireball          |       |       |       |    28 |    50 ||    78
       Bolt of Magma     |       |       |       |       |    16 ||    16
Evoke: Wand              |       |       |       |     5 |     3 ||     8
  Use: Scroll            |     8 |     7 |     8 |     9 |     5 ||    37
       Potion            |       |     3 |     7 |     5 |     8 ||    23
 Stab: Sleeping          |     5 |     1 |     2 |     6 |       ||    14
       Confused          |       |     1 |     1 |       |       ||     2
       Invisible         |       |       |     3 |       |       ||     3
  Eat: Chunk             |     4 |     6 |    12 |    38 |    16 ||    76
       Meat ration       |       |     1 |       |       |     1 ||     2
       Royal jelly       |       |       |     3 |     2 |     2 ||     7
       Fruit             |       |       |     5 |    12 |     7 ||    24
       Bread ration      |       |       |       |       |     1 ||     1
Armor: Robe              |    12 |    50 |    91 |   120 |    61 ||   334
Dodge: Dodged            |    25 |   106 |   223 |   269 |   204 ||   827
